 Dungeon Crawl Stone Soup version 0.27.0-1-g7a089689b8 (webtiles) character file.

Game seed: 7618020462874433112

42 Spaninq the Quickloader (level 3, -1/31 HPs)
             Began as a Gnoll Hunter on Aug 13, 2021.
             Succumbed to a kobold's poison
             ... on level 2 of the Dungeon.
             The game lasted 00:02:32 (1480 turns).

Spaninq the Quickloader (Gnoll Hunter)              Turns: 1480, Time: 00:02:33

Health: -1/31      AC:  3    Str: 11 (12) XL:     3   Next: 54%
Magic:  4/4        EV: 12    Int:  8 (10) God:
Gold:   37         SH:  0    Dex: 10 (12) Spells: 3/3 levels left

rFire    . . .     SeeInvis .   b - +0 short sword
rCold    . . .     Faith    .   (no shield)
rNeg     . . .     Spirit   .   c - +0 leather armour
rPois    .         Reflect  .   (no helmet)
rElec    .         Harm     .   (no cloak)
rCorr    .         Rampage  .   (no gloves)
Will     .....                  (no boots)
Stlth    ++........             (no amulet)
HPRegen  0.10/turn              (no ring)
MPRegen  0.09/turn              (no ring)

@: lethally poisoned (-1 -> -29)
A: fangs 1, strong nose, distributed training
a: no special abilities


You were on level 2 of the Dungeon.
You visited 1 branch of the dungeon, and saw 2 of its levels.

You collected 37 gold pieces.

Inventory:

Hand Weapons
 a - a +1 hand crossbow
 b - a +0 short sword (weapon)
Missiles
 d - 22 bolts
Armour
 c - a +0 leather armour (worn)
Potions
 e - a potion of degeneration
 f - a potion of flight
 h - a potion of heal wounds {unknown}
 i - a potion of attraction {unknown}
 j - a potion of mutation {unknown}


   Skills:
 + Level 4.5 Fighting
 + Level 0.8 Short Blades
 + Level 0.8 Long Blades
 + Level 0.8 Axes
 + Level 0.8 Maces & Flails
 + Level 0.8 Polearms
 + Level 0.8 Staves
 + Level 0.8 Slings
 + Level 0.8 Bows
 + Level 8.5 Crossbows
 + Level 0.8 Throwing
 + Level 0.8 Armour
 + Level 4.5 Dodging
 + Level 2.4 Stealth
 + Level 0.8 Shields
 + Level 0.8 Unarmed Combat
 + Level 0.8 Spellcasting
 + Level 0.5 Conjurations
 + Level 0.5 Hexes
 + Level 0.5 Summonings
 + Level 0.5 Necromancy
 + Level 0.5 Translocations
 + Level 0.5 Transmutations
 + Level 0.5 Fire Magic
 + Level 0.5 Ice Magic
 + Level 0.5 Air Magic
 + Level 0.5 Earth Magic
 + Level 0.5 Poison Magic
 + Level 1.0 Invocations
 + Level 0.8 Evocations


You had 3 spell levels left.
You didn't know any spells.
Your spell library was empty.

Dungeon Overview and Level Annotations

Branches:
Dungeon (2/15)

Altars:


Innate Abilities, Weirdness & Mutations

You have very sharp teeth.
Your uncanny sense of smell can sniff out nearby items.
Your experience applies equally to all skills.


Message History

The kobold misses you.
Fire: 24 bolts
Press: ? - help, Q - select action Shift-Dir - straight line, f/p - kobold
Aim: a kobold, wielding a +0 short sword of venom (moderately wounded, 62% to hit)
You shoot a bolt. The bolt barely misses the kobold.
The kobold hits you with a +0 short sword of venom.
Fire: 23 bolts
Press: ? - help, Q - select action Shift-Dir - straight line, f/p - kobold
Aim: a kobold, wielding a +0 short sword of venom (moderately wounded, 62% to hit)
You shoot a bolt.
The bolt hits the kobold but does no damage.
The kobold is moderately wounded.
The kobold hits you with a +0 short sword of venom.
You are poisoned.
b - a +0 short sword (weapon)
You feel sick.
The kobold hits you with a +0 short sword of venom.
You are more poisoned.
You closely miss the kobold.
The kobold is moderately wounded.
You feel very sick.
The kobold hits you with a +0 short sword of venom.
You are more poisoned.
It was a potion of flight.
You feel very buoyant.
You fly up into the air.
* * * LOW HITPOINT WARNING * * *
You feel very sick. The kobold barely misses you.
It was a potion of degeneration.
There was something very wrong with that liquid.
You feel weakened.
You feel dopey.
You feel clumsy.
* * * LOW HITPOINT WARNING * * *
You feel very sick. The kobold hits you but does no damage.
You are more poisoned.
It was a potion of cancellation.
Your magical effects are unravelling.
You feel magically purged.
You float gracefully downwards.
You die...

##.##
#########
#.#
#####.>.##
#.......#
#.#
........(#
#.#####.#
#.# #....#
#.#
#.####.#
##.#.# #.#
#.......
#K#.# #.#
#.####..
..#.#
#.#####.#
#.# ####K#
#.......#
#.# #@#
####.####
#.# #.#
#.# #..
#.######.#
#.#
#......#.#
##.
######.#.#
## #.#.#
## #.#.#
#. #.#.#
#. #.#.#
#.


You could see a kobold.

Vanquished Creatures
  An adder (D:2)
  5 bats (D:1)
  8 endoplasms
  2 giant cockroaches (D:2)
  3 goblins
  2 hobgoblins
  5 kobolds
  A quokka (D:1)
  A frilled lizard (D:1)
28 creatures vanquished.

Vanquished Creatures (others)
  5 plants (D:1)
5 creatures vanquished.

Grand Total: 33 creatures vanquished

Notes
Turn   | Place    | Note
-------+----------+-------------------------------------------
     0 | D:1      | Spaninq the Gnoll Hunter began the quest for the Orb.
     0 | D:1      | Reached XP level 1. HP: 20/20 MP: 1/1
   277 | D:1      | Reached XP level 2. HP: 24/26 MP: 2/2
   359 | D:1      | Found a faded altar of an unknown god.
  1079 | D:2      | Reached XP level 3. HP: 31/31 MP: 3/3
  1205 | D:2      | Reached skill level 1 in Invocations
  1480 | D:2      | Succumbed to a kobold's poison

Illustrated notes

Levels and vault maps discovered:
D:1:      psy_arrival_radial02, layout_basic,
          shapermc_ecumenical_altar_mp_ritualfount, minmay_misc_feat_five
D:2:      layout_loops_ring, minmay_unequal

Skill      XL: |  1  2  3 |
---------------+----------+-----
Invocations    | 1 |  1.0
Fighting       | |  4.5
Short Blades   | |  0.8
Long Blades    | |  0.8
Axes           | |  0.8
Maces & Flails | |  0.8
Polearms       | |  0.8
Staves         | |  0.8
Slings         | |  0.8
Bows           | |  0.8
Crossbows      | |  8.5
Throwing       | |  0.8
Armour         | |  0.8
Dodging        | |  4.5
Stealth        | |  2.4
Shields        | |  0.8
Unarmed Combat | |  0.8
Spellcasting   | |  0.8
Conjurations   | |  0.5
Hexes          | |  0.5
Summonings     | |  0.5
Necromancy     | |  0.5
Translocations | |  0.5
Transmutations | |  0.5
Fire Magic     | |  0.5
Ice Magic      | |  0.5
Air Magic      | |  0.5
Earth Magic    | |  0.5
Poison Magic   | |  0.5
Evocations     | |  0.8

Action                   || total
-------------------------++-------
Melee: Short sword       ||    80
       Bite              ||     8
 Fire: Hand crossbow     ||     9
  Use: Potion            ||     3
 Stab: Sleeping          ||     1
Armor: Leather armour    ||    17
Dodge: Dodged            ||    44
